| TOP OF THE 1ST |
|
Texas Rangers batting - Pitching for Minnesota Twins : RHP Ted Mosley
|
|
Pitching: RHP Ted Mosley
|
|
|
Batting: LHB Sean Geisler
|
0-0: Called Strike 0-1: Ball 1-1: Foul Ball, location: 2F 1-2: Ground out 5-3 (Groundball, 56, EV 96.9 MPH)
|
|
Batting: RHB Butch Kaiser
|
0-0: Ball 1-0: Ground out 4-3 (Groundball, 4M, EV 88.1 MPH)
|
|
Batting: SHB Vince Ealy
|
0-0: Called Strike 0-1: Foul Ball, location: 2F 0-2: Strikes out swinging
|
| Top of the 1st over - 0 runs, 0 hits, 0 errors, 0 left on base; Texas 0 - Minnesota 0 |
| BOTTOM OF THE 1ST |
|
Minnesota Twins batting - Pitching for Texas Rangers : RHP Pimbly Nimblebottom
|
|
Pitching: RHP Pimbly Nimblebottom
|
|
|
Batting: LHB Per Meulengracht
|
0-0: Ball 1-0: Foul Ball, location: 2F 1-1: Ground out 4-3 (Groundball, 4, EV 105.6 MPH)
|
|
Batting: LHB Ryan Flynn Jr.
|
0-0: Fly out, F8 (Flyball, 89D, EV 103.8 MPH)
|
|
Batting: LHB Ricardo Batista
|
0-0: Called Strike 0-1: Ball 1-1: Ball 2-1: SOLO HOME RUN (Flyball, 89XD, EV 103.1 MPH), Distance : 401 ft
|
|
Batting: RHB Miguel Gonzalez
|
0-0: Ball 1-0: Foul Ball, location: 2F 1-1: Ball 2-1: Ball 3-1: Called Strike 3-2: Base on Balls
|
|
Batting: RHB Will Leslie
|
0-0: Fielders Choice at 2nd, 6-4 (Groundball, 6, EV 84.4 MPH)
|
| Bottom of the 1st over - 1 run, 1 hit, 0 errors, 1 left on base; Texas 0 - Minnesota 1 |
| TOP OF THE 2ND |
|
Texas Rangers batting - Pitching for Minnesota Twins : RHP Ted Mosley
|
|
Batting: LHB Andy Bowman
|
0-0: Ball 1-0: Foul Ball, location: 2F 1-1: Foul Ball, location: 2F 1-2: Strikes out swinging
|
|
Batting: RHB Zhao-ji Chi
|
0-0: Ground out 1-3 (Groundball, 15, EV 66.9 MPH)
|
|
Batting: RHB Chad Thompson
|
0-0: Called Strike 0-1: Called Strike 0-2: Ball 1-2: Strikes out swinging
|
| Top of the 2nd over - 0 runs, 0 hits, 0 errors, 0 left on base; Texas 0 - Minnesota 1 |
| BOTTOM OF THE 2ND |
|
Minnesota Twins batting - Pitching for Texas Rangers : RHP Pimbly Nimblebottom
|
|
Batting: RHB Miguel Diaz
|
0-0: Ball 1-0: Ball 2-0: SINGLE (Line Drive, 7LS, EV 94.4 MPH)
|
|
Batting: RHB José Molina
|
0-0: Called Strike 0-1: Called Strike 0-2: SINGLE (Line Drive, 9S, EV 96.9 MPH) Miguel Diaz to second Runner from 2nd tries for 3rd, SAFE, throw by RF made to third
|
|
Batting: SHB Bran Stark
|
0-0: Ball José Molina steals 2nd base 1-0: Ball 2-0: Called Strike 2-1: Ball 3-1: SINGLE (Groundball, 34D, EV 97.5 MPH) Miguel Diaz scores José Molina to third Runner from 3rd tries for Home, SAFE, throw by RF to home
|
|
Batting: RHB Alex Sandoval
|
0-0: Ball 1-0: Called Strike 1-1: Swinging Strike 1-2: Foul Ball, location: 2F 1-2: Foul Ball, location: 2F 1-2: Strikes out looking
|
|
Batting: LHB Per Meulengracht
|
0-0: Called Strike 0-1: Hit by Pitch Bran Stark to second
|
|
Batting: LHB Ryan Flynn Jr.
|
0-0: Called Strike 0-1: Foul Ball, location: 2F 0-2: Foul Ball, location: 2F 0-2: Ball 1-2: Strikes out looking
|
|
Batting: LHB Ricardo Batista
|
0-0: Called Strike 0-1: Ball 1-1: Foul Ball, location: 2F 1-2: Strikes out swinging
|
| Bottom of the 2nd over - 2 runs, 3 hits, 0 errors, 2 left on base; Texas 0 - Minnesota 3 |
| TOP OF THE 3RD |
|
Texas Rangers batting - Pitching for Minnesota Twins : RHP Ted Mosley
|
|
Batting: RHB Danny Heyer
|
0-0: Foul Ball, location: 2F 0-1: Ball 1-1: Swinging Strike 1-2: Ball 2-2: Foul Ball, location: 2F 2-2: Foul Ball, location: 2F 2-2: Ball 3-2: Foul Ball, location: 2F 3-2: Strikes out looking
|
|
Batting: SHB Alvare Bairro
|
0-0: Called Strike 0-1: Ball 1-1: Ball 2-1: SOLO HOME RUN (Flyball, 7D, EV 96.2 MPH), Distance : 385 ft
|
|
Batting: RHB Reilly Hawkins
|
0-0: Called Strike 0-1: Bunt missed! 0-2: Ball 1-2: Foul Ball, location: 2F 1-2: SOLO HOME RUN (Line Drive, 78XD, EV 113.8 MPH), Distance : 414 ft
|
|
Batting: LHB Sean Geisler
|
0-0: Foul Ball, location: 2F 0-1: Swinging Strike 0-2: Foul Ball, location: 2F 0-2: Strikes out swinging
|
|
Batting: RHB Butch Kaiser
|
0-0: Ball 1-0: Ball 2-0: Ball 3-0: Base on Balls
|
|
Batting: SHB Vince Ealy
|
0-0: Called Strike Butch Kaiser is caught stealing 2nd base 2-6
|
| Top of the 3rd over - 2 runs, 2 hits, 0 errors, 0 left on base; Texas 2 - Minnesota 3 |
| BOTTOM OF THE 3RD |
|
Minnesota Twins batting - Pitching for Texas Rangers : RHP Pimbly Nimblebottom
|
|
Batting: RHB Miguel Gonzalez
|
0-0: Ball 1-0: Ball 2-0: Ball 3-0: Called Strike 3-1: Foul Ball, location: 2F 3-2: Strikes out swinging
|
|
Batting: RHB Will Leslie
|
0-0: Ball 1-0: Ball 2-0: Swinging Strike 2-1: Ball 3-1: Swinging Strike 3-2: Foul Ball, location: 2F 3-2: Strikes out swinging
|
|
Batting: RHB Miguel Diaz
|
0-0: Foul Ball, location: 2F 0-1: Ball 1-1: Ball 2-1: Foul Ball, location: 2F 2-2: Foul Ball, location: 2F 2-2: Ball 3-2: Foul Ball, location: 2F 3-2: SINGLE (Groundball, 3D, EV 102.5 MPH)
|
|
Batting: RHB José Molina
|
0-0: Ball 1-0: Ground out 5-3 (Groundball, 5S, EV 68.1 MPH)
|
| Bottom of the 3rd over - 0 runs, 1 hit, 0 errors, 1 left on base; Texas 2 - Minnesota 3 |
| TOP OF THE 4TH |
|
Texas Rangers batting - Pitching for Minnesota Twins : RHP Ted Mosley
|
|
Batting: SHB Vince Ealy
|
0-0: Foul Ball, location: 2F 0-1: Ball 1-1: Foul Ball, location: 2F 1-2: Foul Ball, location: 2F 1-2: Ball 2-2: Foul Ball, location: 2F 2-2: Foul Ball, location: 2F 2-2: Foul Ball, location: 2F 2-2: Strikes out looking
|
|
Batting: LHB Andy Bowman
|
0-0: Foul Ball, location: 2F 0-1: Ground out 4-3 (Groundball, 4, EV 80.6 MPH)
|
|
Batting: RHB Zhao-ji Chi
|
0-0: Fly out, F8 (Flyball, 8RD, EV 82.5 MPH)
|
| Top of the 4th over - 0 runs, 0 hits, 0 errors, 0 left on base; Texas 2 - Minnesota 3 |
| BOTTOM OF THE 4TH |
|
Minnesota Twins batting - Pitching for Texas Rangers : RHP Pimbly Nimblebottom
|
|
Batting: SHB Bran Stark
|
0-0: Called Strike 0-1: Foul Ball, location: 2F 0-2: Ball 1-2: Ground out 4-3 (Groundball, 34, EV 83.8 MPH)
|
|
Batting: RHB Alex Sandoval
|
0-0: Ball 1-0: Ball 2-0: Called Strike 2-1: Called Strike 2-2: Ball 3-2: Fly out, F9 (Flyball, 9LMF, EV 111.2 MPH)
|
|
Batting: LHB Per Meulengracht
|
0-0: Called Strike 0-1: Ball 1-1: Ball 2-1: Foul Ball, location: 2F 2-2: Ground out U3 (Groundball, 3, EV 80.6 MPH)
|
| Bottom of the 4th over - 0 runs, 0 hits, 0 errors, 0 left on base; Texas 2 - Minnesota 3 |
| TOP OF THE 5TH |
|
Texas Rangers batting - Pitching for Minnesota Twins : RHP Ted Mosley
|
|
Batting: RHB Chad Thompson
|
0-0: Called Strike 0-1: Foul Ball, location: 2F 0-2: Foul Ball, location: 2F 0-2: Fly out, F1 (Popup, P, EV 80.6 MPH)
|
|
Batting: RHB Danny Heyer
|
0-0: Called Strike 0-1: Ball 1-1: Called Strike 1-2: Ground out 3-1 (Groundball, 34, EV 103.1 MPH)
|
|
Batting: SHB Alvare Bairro
|
0-0: Ground out 6-3 (Groundball, 6M, EV 88.1 MPH)
|
| Top of the 5th over - 0 runs, 0 hits, 0 errors, 0 left on base; Texas 2 - Minnesota 3 |
| BOTTOM OF THE 5TH |
|
Minnesota Twins batting - Pitching for Texas Rangers : RHP Pimbly Nimblebottom
|
|
Batting: LHB Ryan Flynn Jr.
|
0-0: Ball 1-0: Swinging Strike 1-1: Foul Ball, location: 2F 1-2: Ball 2-2: Strikes out looking
|
|
Batting: LHB Ricardo Batista
|
0-0: Called Strike 0-1: Foul Ball, location: 2F 0-2: Ball 1-2: Fly out, F9 (Line Drive, 9LM, EV 93.1 MPH)
|
|
Batting: RHB Miguel Gonzalez
|
0-0: Ball 1-0: Ball 2-0: Foul Ball, location: 2F 2-1: Fly out, F8 (Flyball, 8LD, EV 104.4 MPH)
|
| Bottom of the 5th over - 0 runs, 0 hits, 0 errors, 0 left on base; Texas 2 - Minnesota 3 |
| TOP OF THE 6TH |
|
Texas Rangers batting - Pitching for Minnesota Twins : RHP Ted Mosley
|
|
Batting: RHB Reilly Hawkins
|
0-0: Called Strike 0-1: Called Strike 0-2: Strikes out swinging
|
|
Batting: LHB Sean Geisler
|
0-0: Bunted foul 0-1: Ball 1-1: Ball 2-1: Ball 3-1: SINGLE (Groundball, 6M, EV 96.2 MPH) (infield hit)
|
|
Batting: RHB Butch Kaiser
|
0-0: Called Strike 0-1: Ball 1-1: Fly out, F8 (Flyball, 8LD, EV 101.9 MPH)
|
|
Batting: SHB Vince Ealy
|
0-0: Ball 1-0: Swinging Strike 1-1: Called Strike Sean Geisler is caught stealing 2nd base 2-6
|
| Top of the 6th over - 0 runs, 1 hit, 0 errors, 0 left on base; Texas 2 - Minnesota 3 |
| BOTTOM OF THE 6TH |
|
Minnesota Twins batting - Pitching for Texas Rangers : RHP Pimbly Nimblebottom
|
|
Batting: RHB Will Leslie
|
0-0: Ball 1-0: Ball 2-0: Ball 3-0: Base on Balls
|
|
Batting: RHB Miguel Diaz
|
0-0: Ball 1-0: Called Strike 1-1: Ball Wild Pitch! Will Leslie to second 2-1: Foul Ball, location: 2F 2-2: Foul Ball, location: 2F 2-2: Ball 3-2: Foul Ball, location: 2F 3-2: Foul Ball, location: 2F 3-2: Fly out, F5 (Line Drive, 5, EV 61.9 MPH)
|
|
Pitching: RHP Andrew Coker
|
|
|
Batting: RHB José Molina
|
0-0: Ball 1-0: Ball 2-0: Swinging Strike 2-1: SINGLE (Groundball, P, EV 81.2 MPH) (infield hit) Will Leslie to third
|
|
Batting: SHB Bran Stark
|
0-0: Ball José Molina steals 2nd base 1-0: Ball Wild Pitch! Will Leslie scores José Molina to third 2-0: Ball 3-0: Called Strike 3-1: Foul Ball, location: 2F 3-2: Fly out, F8 (Flyball, 8RD, EV 102.5 MPH) Runner from 3rd tags up, SCORES, throw by CF
|
|
Batting: RHB Alex Sandoval
|
0-0: Called Strike 0-1: Ball 1-1: Ground out 5-3 (Groundball, 56, EV 90.0 MPH)
|
| Bottom of the 6th over - 2 runs, 1 hit, 0 errors, 0 left on base; Texas 2 - Minnesota 5 |
| TOP OF THE 7TH |
|
Texas Rangers batting - Pitching for Minnesota Twins : RHP Ted Mosley
|
|
Batting: SHB Vince Ealy
|
0-0: Ball 1-0: Fly out, F9 (Flyball, 89S, EV 83.1 MPH)
|
|
Batting: LHB Andy Bowman
|
0-0: Ball 1-0: Ball 2-0: Foul Ball, location: 2F 2-1: Foul Ball, location: 2F 2-2: Ball 3-2: Foul Ball, location: 2F 3-2: Foul Ball, location: 2F 3-2: Strikes out looking
|
|
Batting: RHB Zhao-ji Chi
|
0-0: Foul Ball, location: 2F 0-1: Swinging Strike 0-2: Ball 1-2: Foul Ball, location: 2F 1-2: Ball 2-2: Ball 3-2: Strikes out swinging
|
| Top of the 7th over - 0 runs, 0 hits, 0 errors, 0 left on base; Texas 2 - Minnesota 5 |
| BOTTOM OF THE 7TH |
|
Minnesota Twins batting - Pitching for Texas Rangers : RHP Andrew Coker
|
|
Pitching: RHP Kyle Curve
|
|
|
Batting: LHB Per Meulengracht
|
0-0: Ball 1-0: Ball 2-0: Called Strike 2-1: Foul Ball, location: 2F 2-2: Ball 3-2: Ground out 4-3 (Groundball, 4, EV 86.9 MPH)
|
|
Batting: LHB Ryan Flynn Jr.
|
0-0: Foul Ball, location: 2F 0-1: Ball 1-1: Called Strike 1-2: Strikes out swinging
|
|
Batting: LHB Ricardo Batista
|
0-0: Called Strike 0-1: Swinging Strike 0-2: Ball 1-2: Foul Ball, location: 2F 1-2: Fly out, F7 (Flyball, 7LM, EV 91.9 MPH)
|
| Bottom of the 7th over - 0 runs, 0 hits, 0 errors, 0 left on base; Texas 2 - Minnesota 5 |
| TOP OF THE 8TH |
|
Texas Rangers batting - Pitching for Minnesota Twins : RHP Ted Mosley
|
|
Pitching: LHP Inkei Wakamatsu
|
|
|
Batting: RHB Chad Thompson
|
0-0: Ball 1-0: Ball 2-0: Ball 3-0: Base on Balls
|
|
Batting: RHB Danny Heyer
|
0-0: Foul Ball, location: 2F 0-1: Foul Ball, location: 2F 0-2: Strikes out swinging
|
|
Batting: SHB Alvare Bairro
|
0-0: Foul Ball, location: 2F 0-1: Ball 1-1: Fly out, F9 (Flyball, 9, EV 85.6 MPH)
|
|
Batting: RHB Reilly Hawkins
|
0-0: Ball 1-0: Ball 2-0: Foul Ball, location: 2F 2-1: Fly out, F8 (Flyball, 8LXD, EV 89.4 MPH)
|
| Top of the 8th over - 0 runs, 0 hits, 0 errors, 1 left on base; Texas 2 - Minnesota 5 |
| BOTTOM OF THE 8TH |
|
Minnesota Twins batting - Pitching for Texas Rangers : RHP Kyle Curve
|
|
Pitching: LHP Wayne Perry
|
|
|
Batting: RHB Miguel Gonzalez
|
0-0: Called Strike 0-1: Foul Ball, location: 2F 0-2: Ball 1-2: Fly out, F8 (Flyball, 8LM, EV 90.6 MPH)
|
|
Batting: RHB Will Leslie
|
0-0: Foul Ball, location: 2F 0-1: Foul Ball, location: 2F 0-2: Strikes out swinging, 2-3 out at first.
|
|
Batting: RHB Miguel Diaz
|
0-0: Ball 1-0: Ball 2-0: Ball 3-0: Base on Balls
|
|
Batting: RHB José Molina
|
0-0: Ball 1-0: Foul Ball, location: 2F 1-1: Foul Ball, location: 2F 1-2: Strikes out swinging
|
| Bottom of the 8th over - 0 runs, 0 hits, 0 errors, 1 left on base; Texas 2 - Minnesota 5 |
| TOP OF THE 9TH |
|
Texas Rangers batting - Pitching for Minnesota Twins : LHP Inkei Wakamatsu
|
|
Pitching: RHP Bill Rondeau
|
|
|
Batting: LHB Sean Geisler
|
0-0: Called Strike 0-1: Ball 1-1: Ball 2-1: Called Strike 2-2: Ball 3-2: Foul Ball, location: 2F 3-2: Base on Balls
|
|
Batting: RHB Butch Kaiser
|
0-0: Ball 1-0: Called Strike 1-1: Foul Ball, location: 2F 1-2: Strikes out swinging
|
|
Batting: SHB Vince Ealy
|
0-0: Grounds into double play, 4-6-3 (Groundball, 4, EV 91.2 MPH)
|
| Top of the 9th over - 0 runs, 0 hits, 0 errors, 0 left on base; Texas 2 - Minnesota 5 |
|